 Dungeon Crawl Stone Soup version 0.21.0 (webtiles) character file.

273 MovingMist the Distorting Demonspawn (level 6, 0/48 HPs)
             Began as a Demonspawn Abyssal Knight on Jan 7, 2018.
             Was a Believer of Lugonu.
             Killed by divine providence
             ... invoked by an orc priest
              (9 damage)
             ... on level 3 of the Dungeon.
             The game lasted 00:05:52 (1892 turns).

MovingMist the Distorting Demonspawn (DsAK)         Turns: 1892, Time: 00:05:54

Health: 0/48       AC: 14    Str: 15    XL:     6   Next: 3%
Magic:  10/10      EV:  7    Int: 13    God:    Lugonu [**....]
Gold:   194        SH:  0    Dex: 12    Spells: 5/5 levels left

rFire    . . .     SeeInvis .   o - +0 war axe
rCold    . . .     Gourm    .   (no shield)
rNeg     . . .     Faith    .   e - +0 chain mail
rPois    .         Spirit   .   (no helmet)
rElec    .         Reflect  .   (no cloak)
rCorr    .         Harm     .   (no gloves)
MR       .....                  (no boots)
Stlth    ..........             (no amulet)
HPRegen  0.16/turn              (no ring)
MPRegen  0.12/turn              (no ring)

@: sanguine armour, slowed, very slow
A: claws 1, sanguine armour 1
a: Depart the Abyss, Bend Space, Renounce Religion


You were on level 3 of the Dungeon.
You worshipped Lugonu.
Lugonu was pleased with you.
You were not hungry.

You visited 1 branch of the dungeon, and saw 3 of its levels.
You visited the Abyss 1 time.

You collected 194 gold pieces.

Inventory:

Hand Weapons
 o - a +0 war axe (weapon)
Armour
 e - a +0 chain mail (worn)
 m - a +0 plate armour
Wands
 j - a wand of flame (16)
Scrolls
 b - 2 scrolls of fog {unknown}
 d - 4 scrolls of identify {unknown}
 g - a scroll of remove curse {unknown}
 h - a scroll of noise {unknown}
 k - a scroll of teleportation {unknown}
 n - a scroll of magic mapping {unknown}
Comestibles
 c - 5 rations
 i - 5 chunks of flesh


   Skills:
 + Level 4.0 Fighting
 + Level 2.4(2.6) Axes
   Level 1.3(2.1) Maces & Flails
 - Level 1.7 Armour
 + Level 2.3 Dodging
 * Level 5.6 Invocations


You had 5 spell levels left.
You didn't know any spells.

Dungeon Overview and Level Annotations

Branches:
Dungeon (3/15)

Altars:
Trog


Innate Abilities, Weirdness & Mutations

You have sharp fingernails.
When seriously injured, your bleeding wounds create armour. (AC +6)


Message History

You slash the orc wizard!
The orc wizard is heavily wounded.
The orc wizard hits you but does no damage.
The orc hits you but does no damage.
The orc wizard hits you but does no damage.
The orc closely misses you.
The orc priest looks braver for a moment.
The orc wizard hits you but does no damage.
You slash the orc wizard!
You kill the orc wizard!
Lugonu accepts your kill.
You have reached level 6!
Your experience leads to an increase in your attributes!
Increase (S)trength, (I)ntelligence, or (D)exterity?
You feel stronger.
Your demonic ancestry asserts itself...
Your fingernails lengthen.
The orc hits you but does no damage. x2
The orc priest invokes the aid of Beogh against you.
Beogh smites you!
You die...

##### .... #..####
#.....
.#.#.#...#######
.....o.o........
.#.#.#.#o##.###
#.#@##.######..
#.#.........#..
.#.#.##...........
............<.....
##.#.##.....>....#
..# #.##...........
..#####
#####.##...........
.# #..
......##...........
.###.##
#................


You could see an orc priest and an orc.

Vanquished Creatures
  A bullfrog (D:3)
  2 orc wizards (D:3)
  Jessica (D:2)
  A gnoll (D:1)
  4 adders
  An ooze (D:2)
  A worm (D:3)
  A dart slug (D:3)
  2 leopard geckos
  2 orcs
  6 giant cockroaches
  5 hobgoblins
  8 jackals
  2 quokkas
  5 bats
  3 frilled lizards
  9 goblins
  9 kobolds
  7 rats
70 creatures vanquished.

Notes
Turn   | Place    | Note
-------+----------+-------------------------------------------
     0 | Abyss:1  | MovingMist the Demonspawn Abyssal Knight began the quest for the Orb.
     0 | Abyss:1  | Reached XP level 1. HP: 18/18 MP: 2/2
    91 | Abyss:1  | Noticed a wretched star
    93 | D:1      | Escaped the Abyss
   161 | D:1      | Reached skill level 1 in Dodging
   162 | D:1      | Reached * piety under Lugonu
   219 | D:1      | Gained mutation: When seriously injured, your bleeding wounds create armour. (AC +6) [demonic ancestry]
   219 | D:1      | Reached XP level 2. HP: 20/24 MP: 4/4
   247 | D:1      | Reached skill level 3 in Invocations
   510 | D:1      | Reached XP level 3. HP: 25/29 MP: 5/5
  1022 | D:2      | Noticed Jessica
  1036 | D:2      | Killed Jessica
  1036 | D:2      | Reached skill level 1 in Maces & Flails
  1036 | D:2      | Reached skill level 4 in Invocations
  1036 | D:2      | Reached XP level 4. HP: 24/35 MP: 5/7
  1089 | D:2      | Found a bloodstained altar of Trog.
  1182 | D:2      | Reached ** piety under Lugonu
  1206 | D:2      | Found a faded altar of an unknown god.
  1654 | D:3      | Reached XP level 5. HP: 32/42 MP: 8/8
  1755 | D:3      | Reached skill level 5 in Invocations
  1887 | D:3      | HP: 1/42 [orc priest/divine providence (10)]
  1892 | D:3      | Gained mutation: You have sharp fingernails. [demonic ancestry]
  1892 | D:3      | Reached XP level 6. HP: 8/48 MP: 10/10
  1892 | D:3      | Killed from afar by an orc priest

Skill      XL: |  1  2  3  4  5 |
---------------+----------------+-----
Dodging        | 1 2 |  2.3
Axes           | 2 |  2.4
Invocations    | 3 4 5 |  5.6
Maces & Flails | 1 |  1.3
Fighting       | 4 |  4.0
Armour         | |  1.7

Action                   |  1- 3 |  4- 6 || total
-------------------------+-------+-------++-------
Melee: Hand axe          |    46 |       ||    46
       Whip              |    78 |   129 ||   207
       War axe           |       |    28 ||    28
Invok: Depart the Abyss  |     1 |       ||     1
  Use: Potion            |       |     1 ||     1
  Eat: Chunk             |     1 |     3 ||     4
Armor: Chain mail        |    84 |   115 ||   199
Dodge: Dodged            |    39 |    67 ||   106
